Map: Forteresse de fer EC

Players

SPYX

  • Race: Zerg Zerg

AgCl - Winner!

  • Race: Protoss Protoss

VOD

Have the link to the VOD?

Description

Time

  • Played on: May 22, 2015, 3:33 a.m.
  • Length: 17:13
Show
View Real Time Build Order
Export as new Build Order

SPYX Zerg 

Build Orders: Hatch First 

Get SALT Encoding   

  12  0:01  Drone  
  13  0:09  Drone  
  14  0:38  Hatchery, Drone  
  14  0:45  Overlord  
  14  1:07  Spawning Pool  
  14  1:09  Drone x2  
  15  1:13  Drone  
  16  1:26  Drone  
  17  1:42  Drone x2  
  17  1:46  Extractor  
  18  1:49  Extractor  
  18  1:53  Drone  
  18  1:54  Queen  
  18  1:57  Drone  
  18  2:01  Queen  
  21  2:07  Drone  
  24  2:10  Drone  
  25  2:19  Drone  
  26  2:23  Drone  
  26  2:29  Drone  
  28  2:45  Roach Warren, Drone  
  28  2:48  Overlord  
  28  3:05  Overlord  
  28  3:16  Drone x5  
  28  3:17  Drone x2  
  28  3:18  Drone  
  36  3:27  Lair  
  38  3:34  Roach  
  38  3:36  Roach  
  38  3:38  Roach  
  42  3:42  Overlord  
  42  3:54  Drone  
  42  3:55  Drone  
  44  4:15  Roach x2  
  44  4:16  Roach x2  
  52  4:18  Overlord  
  52  4:24  Spore Crawler  
  49  4:31  Queen  
  43  4:56  Spore Crawler  
  43  4:59  Spore Crawler, Drone x4  
  45  5:00  Drone x5  
  45  5:01  Drone x3  
  53  5:13  Hydralisk Den  
  52  5:30  Evolution Chamber  
  52  5:34  Evolution Chamber  
  50  5:41  Lurker Den  
  50  5:42  Roach x4  
  60  5:43  Roach  
  60  5:47  Overlord  
  60  5:55  Hatchery  
  59  5:58  Zerg Missile Weapons Level 1  
  59  6:01  Zerg Ground Armor Level 1  
  59  6:04  Burrow  
  59  6:11  Extractor  
  59  6:14  Extractor  
  59  6:16  Drone x5  
  62  6:30  Spore Crawler  
  61  6:35  Hydralisk  
  61  6:36  Hydralisk x2  
  67  6:40  Overlord  
  67  7:00  Hydralisk x2  
  67  7:01  Hydralisk x2  
  75  7:18  Overlord  
  75  7:19  Overlord x2  
  75  7:35  Overlord x4  
  75  7:42  Spore Crawler  
  74  7:47  Spore Crawler  
  73  8:02  Hydralisk  
  73  8:03  Hydralisk x6  
  87  8:13  Hatchery  
  87  8:17  Lurker  
  87  8:18  Lurker  
  88  8:22  Zergling x6  
  88  8:23  Zergling x4  
  93  8:28  Zergling x8  
  97  8:45  Zerg Missile Weapons Level 2  
  95  9:35  Drone x3  
  95  9:36  Drone x5  
  95  9:37  Drone x2  
  105  9:39  Queen  
  105  9:40  Drone x2  
  109  9:48  Zerg Ground Armor Level 2  
  60  10:33  Hydralisk x5  
  60  10:34  Hydralisk x6  
  60  10:35  Hydralisk x2  
  74  10:47  Spine Crawler  
  73  10:51  Spore Crawler  
  73  10:53  Spore Crawler  
  73  10:56  Spore Crawler  
  70  10:57  Spore Crawler  
  68  11:06  Drone x4  
  68  11:07  Drone x4  
  69  11:28  Zergling x4  
  69  11:29  Zergling x10  
  69  11:31  Hydralisk x4  
  84  11:52  Spire  
  83  11:59  Hydralisk x4  
  91  12:15  Infestation Pit  
  91  12:19  Drone x6  
  91  12:20  Drone x5  
  101  12:36  Extractor  
  100  12:42  Extractor  
  96  12:59  Hydralisk x2  
  96  13:00  Hydralisk x2  
  60  13:31  Corruptor x2  
  64  13:49  Zergling x12  
  64  13:50  Zergling x12  
  64  13:51  Zergling x4  
  78  13:59  Hatchery, Overlord  
  77  14:04  Zerg Flyer Weapons Level 1  
  77  14:07  Hive  
  77  14:14  Corruptor  
  77  14:15  Corruptor  
  81  14:26  Queen  
  83  14:45  Spore Crawler  
  82  14:47  Spore Crawler  
  82  14:48  Corruptor  
  82  14:49  Corruptor x2  
  87  14:55  Extractor  
  86  15:00  Extractor, Zergling x12  
  86  15:01  Zergling x8  
  95  15:25  Corruptor x3  
  95  16:01  Spine Crawler  
  94  16:19  Overseer x5  
  94  16:22  Zergling x4  
  94  16:23  Zergling x12  
  102  16:43  Hatchery  
  100  16:50  Extractor  
Show
View Real Time Build Order
Export as new Build Order

AgCl Protoss - Winner!

Build Orders: Oracle Opening, Oracle Opening, Carrier Rush 

Get SALT Encoding   

  12  0:16  Pylon  
  12  0:26  Probe  
  13  0:37  Gateway  
  13  0:38  Probe  
  14  0:45  Assimilator  
  14  0:50  Probe  
  15  1:02  Probe  
  16  1:14  Probe (Chrono Boost)  
  17  1:21  Pylon  
  17  1:23  Cybernetics Core  
  17  1:24  Probe (Chrono Boost)  
  18  1:31  Probe (Chrono Boost)  
  20  1:41  Probe (Chrono Boost)  
  20  1:42  Pylon  
  20  1:48  Probe  
  20  1:53  Assimilator  
  21  2:00  Probe  
  22  2:06  Pylon  
  22  2:17  Probe (Chrono Boost)  
  22  2:22  Warp Gate (Chrono Boost)  
  23  2:25  Stargate  
  23  2:29  Probe (Chrono Boost)  
  25  2:38  Probe (Chrono Boost)  
  25  2:46  Probe (Chrono Boost)  
  26  2:57  Mothership Core (Chrono Boost)  
  28  3:04  Nexus  
  28  3:09  Oracle  
  31  3:13  Probe  
  33  3:32  Gateway  
  32  3:35  Probe  
  33  3:45  Pylon  
  33  3:47  Probe  
  33  3:48  Assimilator  
  34  3:56  Fleet Beacon  
  34  3:59  Probe (Chrono Boost)  
  35  4:09  Probe (Chrono Boost)  
  36  4:16  Probe  
  37  4:17  Probe  
  38  4:28  Probe  
  38  4:29  Probe  
  40  4:35  Gateway  
  40  4:36  Carrier (Chrono Boost)  
  40  4:40  Probe  
  40  4:41  Probe  
  43  4:55  Probe (Chrono Boost)  
  43  4:56  Probe (Chrono Boost)  
  43  4:58  Assimilator  
  50  5:04  Graviton Catapult (Chrono Boost)  
  50  5:05  Probe (Chrono Boost)  
  52  5:07  Probe (Chrono Boost)  
  52  5:08  Pylon  
  52  5:12  Probe, Protoss Air Weapons Level 1 (Chrono Boost)  
  53  5:16  Probe (Chrono Boost)  
  54  5:27  Carrier (Chrono Boost)  
  56  5:28  Probe (Chrono Boost)  
  56  5:30  Probe (Chrono Boost), Forge  
  56  5:36  Stargate  
  56  5:37  Probe (Chrono Boost)  
  56  5:38  Probe (Chrono Boost), Pylon  
  58  5:45  Probe  
  58  5:48  Probe, Pylon  
  66  5:58  Probe  
  67  6:06  Probe  
  68  6:13  Carrier (Chrono Boost)  
  68  6:16  Probe  
  69  6:24  Probe  
  76  6:28  Carrier (Chrono Boost)  
  76  6:29  Probe  
  76  6:31  Protoss Ground Weapons Level 1  
  77  6:36  Photon Cannon  
  77  6:39  Probe, Pylon  
  78  6:46  Probe  
  85  7:02  Twilight Council  
  85  7:03  Pylon  
  85  7:04  Probe  
  85  7:06  Nexus  
  86  7:08  Pylon  
  86  7:10  Probe  
  87  7:16  Probe  
  88  7:26  Robotics Facility  
  88  7:29  Pylon  
  88  7:38  Photon Cannon  
  88  7:43  Gateway, Pylon  
  88  7:48  Gateway x2  
  88  7:52  Templar Archives  
  88  7:53  Gateway  
  88  8:02  Probe  
  89  8:06  Protoss Air Weapons Level 2 (Chrono Boost)  
  89  8:13  Pylon  
  89  8:18  Charge (Chrono Boost)  
  89  8:22  Observer (Chrono Boost)  
  89  8:26  Carrier (Chrono Boost)  
  90  8:29  Assimilator x2  
  90  8:31  Photon Cannon  
  90  8:32  Pylon  
  90  8:35  Observer (Chrono Boost)  
  90  8:36  Psionic Storm  
  91  8:44  Zealot  
  91  8:45  Adept  
  101  8:52  Protoss Ground Weapons Level 2  
  94  9:18  Adept, Pylon  
  94  9:19  Adept  
  94  9:20  Adept  
  100  9:24  Carrier (Chrono Boost)  
  94  9:32  Carrier (Chrono Boost)  
  106  9:58  High Templar  
  106  10:14  Carrier (Chrono Boost)  
  109  10:40  Pylon  
  109  10:41  Gateway  
  109  10:43  Gateway  
  109  10:50  Zealot x3  
  109  10:52  Carrier (Chrono Boost)  
  115  10:57  Zealot  
  115  10:58  Zealot  
  115  10:59  Nexus, Assimilator  
  115  11:01  Adept  
  115  11:03  Assimilator  
  119  11:04  Pylon  
  119  11:05  Adept  
  119  11:09  Protoss Ground Weapons Level 3 (Chrono Boost)  
  119  11:11  Protoss Air Weapons Level 3 (Chrono Boost)  
  115  11:26  Pylon  
  115  11:27  Gateway  
  115  11:34  High Templar x2  
  115  11:35  High Templar  
  121  11:45  Nexus  
  124  11:47  Probe (Chrono Boost)  
  124  11:48  Photon Cannon  
  124  11:50  Pylon  
  124  11:51  Probe x2 (Chrono Boost)  
  124  11:55  Photon Cannon  
  124  11:58  Probe (Chrono Boost), Phoenix (Chrono Boost)  
  127  12:13  Nexus  
  127  12:16  Pylon  
  127  12:23  Pylon  
  127  12:25  Photon Cannon  
  127  12:46  Zealot  
  127  12:47  Carrier (Chrono Boost)  
  129  12:58  Dark Shrine  
  125  12:59  Pylon  
  125  13:01  Gateway x2  
  130  13:15  Nexus  
  130  13:18  Assimilator  
  130  13:20  Photon Cannon  
  130  13:28  Assimilator  
  130  13:32  Protoss Shields Level 1 (Chrono Boost), Protoss Air Armor Level 1, Carrier (Chrono Boost)  
  130  13:48  Photon Cannon  
  130  13:51  Pylon, Assimilator  
  136  13:59  Pylon x2  
  136  14:07  Carrier (Chrono Boost)  
  142  14:49  Stargate  
  142  14:52  Pylon  
  142  14:55  Nexus, Pylon  
  142  14:58  Pylon  
  142  15:20  Dark Templar x4  
  150  15:22  Adept  
  150  15:23  Adept  
  154  15:51  Pylon  
  154  16:11  Robotics Bay  
  154  16:12  Pylon  
  154  16:26  Probe x3, Pylon  
  154  16:32  Assimilator  
  157  16:38  Assimilator  
Tags
 
Add a new tag
Caveats
  • Supply blocks, unpowered buildings, or Contaminate may cause inaccurate times.
  • Supply counts are checked every 10 seconds.